 Dungeon Crawl Stone Soup version 0.27-a0-34-gc18c9092ac (webtiles) character file.

Game seed: 9871371448636321137

8734 Dirian the Cleaver (level 11, -1/95 HPs)
             Began as a Minotaur Fighter on Jan 4, 2021.
             Was a Follower of Ru.
             Slain by an orc warrior
             ... wielding a +1 dire flail of protection
              (11 damage)
             ... on level 10 of the Dungeon.
             The game lasted 00:15:31 (8861 turns).

Dirian the Cleaver (Minotaur Fighter)               Turns: 8861, Time: 00:15:32

Health: -1/95      AC: 19    Str: 23    XL:     11   Next: 13%
Magic:  10/10      EV:  5    Int:  5    God:    Ru [*.....]
Gold:   508        SH: 12    Dex: 11    Spells: 10/10 levels left

rFire    . . .     SeeInvis +   D - +2 broad axe (vamp)
rCold    . . .     Faith    .   c - +1 kite shield
rNeg     . . .     Spirit   .   H - +0 plate armour
rPois    .         Reflect  .   (helmet restricted)
rElec    .         Harm     .   B - +0 cloak
rCorr    .         Rampage  .   (no gloves)
Will     .....                  l - +2 pair of boots
Stlth    ..........             C - amulet of regeneration
HPRegen  0.65/turn              o - ring of see invisible
MPRegen  0.12/turn              (no ring)

@: mighty, very slightly contaminated, invisible
A: retaliatory headbutt, horns 2, no earth magic, no translocations magic, no
transmutations magic, disrupted magic 1
a: Renounce Religion


You were on level 10 of the Dungeon.
You worshipped Ru.
Ru was aware of your devotion.
You visited 2 branches of the dungeon, and saw 12 of its levels.

You collected 710 gold pieces.
You spent 202 gold pieces at shops.

Inventory:

Hand Weapons
 u - a +0 scimitar of flaming
 A - a +2 broad axe
 D - a +2 vampiric broad axe (weapon)
Armour
 c - a +1 kite shield (worn)
 l - a +2 pair of boots (worn)
 B - a +0 cloak (worn)
 H - a +0 plate armour (worn)
Jewellery
 n - an uncursed amulet of guardian spirit
 o - a ring of see invisible (left hand)
 C - an amulet of regeneration (around neck)
Wands
 a - a wand of acid (8)
 e - a wand of disintegration (33)
 q - a wand of iceblast (16)
 s - a wand of polymorph (12)
 v - a wand of digging (2)
 E - a wand of enslavement (6)
 J - a wand of flame (9)
Scrolls
 g - a scroll of enchant armour
 p - a scroll of magic mapping
 t - 2 scrolls of teleportation
 x - a scroll of remove curse
 z - 3 scrolls of blinking
 G - a scroll of acquirement
Potions
 b - 2 potions of brilliance
 d - 4 potions of might
 f - a potion of attraction
 h - 4 potions of haste
 j - 3 potions of lignification
 k - a potion of flight {unknown}
 m - 3 potions of curing {unknown}
 r - a potion of mutation {unknown}
 w - 4 potions of heal wounds
 F - 2 potions of berserk rage {unknown}
 I - a potion of resistance {unknown}


   Skills:
 + Level 8.8 Fighting
 + Level 13.9 Axes
 + Level 9.9 Armour
 - Level 8.0 Shields
 * Level 3.7 Evocations


You had 10 spell levels left.
You didn't know any spells.
Your spell library contained the following spells:

 Spells                   Type           Power        Failure   Level
 Freeze                   Ice            0%           100%        1
 Swiftness                Air            0%           100%        2
 Frozen Ramparts          Ice            0%           100%        3
 Ozocubu's Armour         Ice            0%           100%        3
 Hailstorm                Conj/Ice       0%           100%        4
 Summon Ice Beast         Ice/Summ       0%           100%        4
 Invisibility             Hex            0%           100%        6
 Beastly Appendage        Tmut           Unusable     N/A         1
 Passwall                 Tmut/Erth      Unusable     N/A         2
 Wereblood                Tmut           Unusable     N/A         2
 Spider Form              Tmut/Pois      Unusable     N/A         3
 Ice Form                 Ice/Tmut       Unusable     N/A         4
 Passage of Golubria      Tloc           Unusable     N/A         4
 Blade Hands              Tmut           Unusable     N/A         5
 Lee's Rapid Deconstruct  Erth           Unusable     N/A         5

Dungeon Overview and Level Annotations

Branches:
Dungeon (11/15)            Temple (0/1) D:4            Lair (0/6) D:9
    Orc (1/2) D:10

Altars:
Cheibriados
Elyvilon
Fedhas
Hepliaklqana
Makhleb
Ru
Wu Jian
Beogh

Shops:
D:5 ?}}:(   D:7 (

Annotations:
D:5 1 runed translucent door, Crazy Yiuf


Innate Abilities, Weirdness & Mutations

You reflexively headbutt those who attack you in melee.
You have a pair of horns on your head.
You cannot study or cast Earth magic.
You cannot study or cast Translocations magic.
You cannot study or cast Transmutations magic.
Your casting is slightly disrupted.


Message History

You completely miss the orc sorcerer. You headbutt the orc sorcerer!
The orc sorcerer is heavily wounded.
You hit the orc warrior but do no damage.
You slash the orc priest!
You kill the orc priest!
You catch the helpless orc completely off-guard!
You hit the orc.
You feel better. The orc sorcerer casts a spell at you.
The bolt of negative energy hits you!!
You feel drained.
* * * LOW HITPOINT WARNING * * *
The orc warrior closely misses you.
You slice the orc sorcerer!!
You feel better.
You kill the orc sorcerer!
You closely miss the orc warrior. You slash the orc!
You feel better.
You kill the orc!
Your life force feels restored.
You slash the orc warrior!
You feel better.
The orc warrior is moderately wounded.
The orc warrior hits you with a +1 dire flail of protection!
You die...

...#.....#.#.#.....##...........#
...#.###.....#.....######.....).(
...#.# #.#.#.#.._..########.###.#
..##.###.....#.....#......#......
.............#.))[.######.#####.#
.............###'###..........#.#
##########.#.#8...8######.###.#.#
................)).# #.# #.#.#
##########.#..[[@o.# #.# #...#
......# #.#...)[..# #.# #.#÷÷
#####.####.#.#)##### #.###.#<#
#.#......#.# #....?...
#.#.######.##########........
#............................
#÷#.######.#.........#.##.#.#
#####.#.######.#........[#.##.#.#
...............'.........#.##.#.#


You could see an orc warrior.

Vanquished Creatures
  Erica (D:8)
  An unseen horror (D:10)
  An orc knight (D:10)
  An orc sorcerer (D:10)
  2 trolls (D:10)
  A hornet (D:10)
  6 yaks (D:10)
  3 wyverns
  Eustachio (D:4)
  Menkaure (D:4)
  A soldier ant (D:10)
  A water moccasin (D:10)
  6 orc warriors (D:10)
  2 ice beasts
  A phantom (D:7)
  3 black bears
  A sky beast (D:5)
  7 ogres
  4 centaurs
  A big kobold (D:10)
  5 bullfrogs
  A gnoll sergeant (D:8)
  4 scorpions
  5 killer bees (D:10)
  2 electric eels (D:6)
  4 howler monkeys
  A centaur skeleton (D:8)
  3 hounds
  A jelly (D:10)
  4 orc wizards
  6 orc priests
  A bullfrog skeleton (D:6)
  5 iguanas
  6 worker ants
  A hound zombie (D:8)
  A hound skeleton (D:7)
  A howler monkey skeleton (D:8)
  4 gnolls (D:8)
  9 adders
  4 shadow imps
  A white imp (D:5)
  2 ufetubi
  An adder zombie (D:8)
  An ooze (D:2)
  An adder skeleton (D:5)
  A worm (D:2)
  4 dart slugs
  3 leopard geckos
  42 orcs
  3 bats
  4 giant cockroaches
  3 goblins (D:2)
  7 hobgoblins
  3 jackals (D:4)
  A quokka (D:8)
  A ball python (D:4)
  A ball python zombie (D:5)
  4 frilled lizards
  A jackal skeleton (D:4)
  12 kobolds
  A leopard gecko skeleton (D:6)
  A leopard gecko zombie (D:8)
  7 rats
218 creatures vanquished.

Vanquished Creatures (others)
  A troll (D:10)
1 creature vanquished.

Grand Total: 219 creatures vanquished

Notes
Turn   | Place    | Note
-------+----------+-------------------------------------------
     0 | D:1      | Dirian the Minotaur Fighter began the quest for the Orb.
     0 | D:1      | Reached XP level 1. HP: 19/19 MP: 0/0
   436 | D:1      | Reached XP level 2. HP: 27/27 MP: 1/1
   993 | D:2      | Reached XP level 3. HP: 33/33 MP: 2/2
  1010 | D:2      | Reached skill level 3 in Axes
  1251 | D:2      | Found a hazy altar of Hepliaklqana.
  1551 | D:3      | Reached XP level 4. HP: 36/40 MP: 3/3
  2043 | D:3      | Reached skill level 4 in Axes
  2440 | D:4      | Found a white marble altar of Elyvilon.
  2440 | D:4      | Found a burning altar of Makhleb.
  2445 | D:4      | Found a sacrificial altar of Ru.
  2451 | D:4      | Found an ornate altar of the Wu Jian Council.
  2453 | D:4      | Noticed Eustachio
  2475 | D:4      | Killed Eustachio
  2476 | D:4      | Reached skill level 5 in Axes
  2476 | D:4      | Reached XP level 5. HP: 22/47 MP: 4/4
  2486 | D:4      | Became a worshipper of Ru the Awakened
  2659 | D:4      | Reached skill level 5 in Armour
  2659 | D:4      | Reached XP level 6. HP: 54/55 MP: 5/5
  2697 | D:4      | Noticed Menkaure
  2703 | D:4      | Killed Menkaure
  2704 | D:4      | Reached skill level 5 in Fighting
  2704 | D:4      | Reached skill level 6 in Axes
  2733 | D:4      | Found a staircase to the Ecumenical Temple.
  2752 | D:4      | Found a blossoming altar of Fedhas.
  3075 | D:5      | Entered Level 5 of the Dungeon
  3098 | D:5      | Found Piovoy's Gadget Shop.
  3106 | D:5      | Noticed a sky beast
  3109 | D:5      | Killed a sky beast
  3110 | D:5      | Reached XP level 7. HP: 61/61 MP: 6/6
  3229 | D:5      | Reached skill level 7 in Axes
  3253 | D:5      | Reached skill level 5 in Shields
  3488 | D:5      | Found Daff's Magic Scroll Emporium.
  3496 | D:5      | Bought a scroll of magic mapping for 38 gold pieces
  3496 | D:5      | Bought a scroll of blinking for 82 gold pieces
  3629 | D:5      | Found Ykli's Antique Weapon Boutique.
  3631 | D:5      | Found Ipunnoef's Book Boutique.
  3687 | D:5      | Found Ogin's Gadget Shoppe.
  3817 | D:5      | Found a runed translucent door.
  3818 | D:5      | Noticed Crazy Yiuf
  4196 | D:5      | Bought a scroll of enchant weapon for 82 gold pieces
  4218 | D:6      | Found a snail-covered altar of Cheibriados.
  4263 | D:6      | Gained mutation: Your casting is slightly disrupted. [Ru
                  | sacrifice]
  4279 | D:6      | Reached skill level 8 in Axes
  4290 | D:6      | Reached XP level 8. HP: 50/70 MP: 3/7
  6056 | D:7      | Found Erphuah's Weapon Boutique.
  6122 | D:7      | Reached skill level 9 in Axes
  6491 | D:7      | Identified a scroll of acquirement
  6571 | D:8      | Reached skill level 10 in Axes
  6571 | D:8      | Reached XP level 9. HP: 63/78 MP: 8/8
  6708 | D:8      | Noticed Erica
  6722 | D:8      | Killed Erica
  6723 | D:8      | Reached skill level 11 in Axes
  7186 | D:9      | Found a staircase to the Lair.
  7294 | D:9      | Gained mutation: You cannot study or cast Earth magic. [Ru
                  | sacrifice]
  7294 | D:9      | Gained mutation: You cannot study or cast Transmutations
                  | magic. [Ru sacrifice]
  7294 | D:9      | Gained mutation: You cannot study or cast Translocations
                  | magic. [Ru sacrifice]
  7294 | D:9      | Reached * piety under Ru
  7372 | D:10     | Entered Level 10 of the Dungeon
  7440 | D:10     | Found a staircase to the Orcish Mines.
  7525 | D:10     | Noticed an unseen horror
  7528 | D:10     | Reached XP level 10. HP: 84/86 MP: 9/9
  7594 | D:10     | Killed an unseen horror
  7595 | D:10     | Reached skill level 12 in Axes
  7595 | D:10     | Reached skill level 1 in Evocations
  8102 | D:10     | Reached skill level 13 in Axes
  8430 | D:10     | Found a roughly hewn altar of Beogh.
  8578 | D:11     | Noticed a boulder beetle
  8689 | Orc:1    | Entered Level 1 of the Orcish Mines
  8689 | Orc:1    | Noticed an orc knight
  8694 | Orc:1    | Noticed an orc sorcerer
  8759 | D:10     | Reached XP level 11. HP: 77/95 MP: 10/10
  8768 | D:10     | Killed an orc knight
  8859 | D:10     | HP: 2/92 [orc sorcerer/bolt of negative energy (19)]
  8860 | D:10     | Killed an orc sorcerer
  8861 | D:10     | Slain by an orc warrior

Illustrated notes

Levels and vault maps discovered:
D:1:      grunt_arrival_crossed_arrows, layout_loops_corners
D:2:      layout_rooms, nzn_hepliaklqana_mist_gate, st_stairs_9
D:3:      layout_rooms, serial_co_window_serial, co_window_of_opportunity_a,
          co_window_paths_a, co_window_paths_a, co_window_corner_a,
          co_window_cross_1, co_window_corner_a, co_window_corner_a,
          co_window_corner_b, co_window_broadway_c, co_window_broadway_a,
          co_window_unsneaky_path_d, co_window_of_opportunity_b,
          co_window_paths_d, minmay_crystal_room
D:4:      layout_rooms, nicolae_overflow_quartered_altars,
          minmay_temple_entry_ruins, fedhas_altar_1, uniq_eustachio,
          uniq_menkaure
D:5:      layout_loops_ring, serial_shops, shop, nicolae_shop_trees, shop, shop,
          shop_statue, uniq_crazy_yiuf_cottage
D:6:      layout_gridville, kennysheep_slug_shrine, minivault_4
D:7:      minmay_octagon_keep, layout_basic, serial_shops, kennysheep_mini_moat
D:8:      layout_rooms, minmay_door_square, uniq_erica
D:9:      minmay_spotlight, layout_cross, lair_entry_dummy
D:10:     layout_basic, minmay_orc_entry_temple_small, special_room
          [special_room_orc]
D:11:     layout_irregular_city, gammafunk_ghost_smash, uniq_snorg
Orc:1:    layout_caves

Skill      XL: |  1  2  3  4  5  6  7  8  9 10 |
---------------+-------------------------------+-----
Armour         | 4 5 6 7 8 9 |  9.9
Fighting       | 4 5 6 7 8 |  8.8
Shields        | 4 5 6 8 |  8.0
Axes           | 3 5 6 8 10 11 13 | 13.9
Evocations     | 3 |  3.7

Action                   |  1- 3 |  4- 6 |  7- 9 | 10-12 || total
-------------------------+-------+-------+-------+-------++-------
Melee: War axe           |    88 |    70 |    33 |       ||   191
       Headbutt          |    13 |     4 |    39 |    43 ||    99
       Broad axe         |       |       |   198 |   212 ||   410
Invok: Sacrifice Essence |       |       |     1 |       ||     1
       Sacrifice Arcana  |       |       |     1 |       ||     1
       Reject Sacrifices |       |       |       |     1 ||     1
  Use: Scroll            |       |    11 |    12 |     1 ||    24
       Potion            |       |       |       |     3 ||     3
 Stab: Distracted        |       |       |       |     1 ||     1
       Invisible         |       |       |       |     1 ||     1
Armor: Scale mail        |    38 |    50 |     9 |       ||    97
       Chain mail        |       |       |    79 |    69 ||   148
       Plate armour      |       |       |       |    22 ||    22
Dodge: Dodged            |    24 |    19 |    56 |    63 ||   162
Block: Kite shield       |    46 |    39 |   124 |   147 ||   356

Table legend: (Time is in decaauts)
 A = Elapsed time spent in this place.
 B = Non-inter-level travel time spent in this place.
 C = Inter-level travel time spent in this place.
 D = Time resting spent in this place.
 E = Time spent auto-exploring this place.
 F = Levels seen in this place.
 G = Mean time per level.
                   A        B        C        D        E       F      G
               +--------+--------+--------+--------+--------+-----+--------+
         Total |   9046 |   8669 |    377 |   1040 |   6213 |  12 |  753.8 |
       Dungeon |   9022 |   8645 |    377 |   1040 |   6213 |  11 |  820.2 |
  Orcish Mines |     23 |     23 |      0 |      0 |      0 |   1 |   23.0 |
               +--------+--------+--------+--------+--------+-----+--------+

Top non-repeatable levels by time:
     D:6: 1695 daAuts
    D:10: 1475 daAuts
     D:5: 1150 daAuts
     D:1: 951 daAuts
     D:3: 889 daAuts
     D:4: 664 daAuts
     D:8: 638 daAuts
     D:2: 630 daAuts
     D:7: 628 daAuts
     D:9: 275 daAuts
    D:11: 24 daAuts
   Orc:1: 23 daAuts
